General information
- name: 1v1 obs w/ tinaa <3 VCKBABYYY~
- type: Custom game
- host: yourasianlover
- saver: TIMG4STRok
map: EchoIsles
- players: 11
- length: 04:19
- speed: Fast
- version: 1.23 W3XP
- replay type:

» download(25 KB)
Players
team 1 (winner)
yourasianlover (
teal | 62 APM | 264 actions | 04:17)
1 Demon Hunter
1 Mana Burn
» actions
| Basic commands | 4 | |
| Build / train | 19 | |
| Enter build submenu | 6 | |
| Enter hero's abilities submenu | 1 | |
| Remove unit from queue | 2 | |
| Right click | 171 | |
| Select / deselect | 49 | |
| Use ability | 12 | |
264 total
» units
» buildings
| Altar of Elders | 1 | |
| Moon Well | 3 | |
| Hunter's Hall | 1 | |
| Ancient of War | 2 | |
7 total
» build order
00:12 Altar of Elders
00:24 Moon Well
01:54 Hunter's Hall
01:59 Ancient of War
02:00 Ancient of War
02:17 Moon Well
04:04 Moon Well
team 2 (loser)
TIMG4STRok (
gray | 114 APM | 494 actions | 04:19)
1 Demon Hunter
1 Mana Burn
» actions
| Assign group hotkey | 6 | |
| Basic commands | 6 | |
| Build / train | 19 | |
| Enter build submenu | 9 | |
| Enter hero's abilities submenu | 1 | |
| Right click | 235 | |
| Select / deselect | 57 | |
| Select group hotkey | 143 | |
| Use ability | 18 | |
494 total
» units
» buildings
| Altar of Elders | 1 | |
| Moon Well | 3 | |
| Ancient of War | 2 | |
| Hunter's Hall | 1 | |
| Ancient Protector | 2 | |
9 total
» build order
00:03 Altar of Elders
00:17 Moon Well
00:37 Ancient of War
01:32 Moon Well
02:36 Hunter's Hall
03:01 Ancient of War
03:49 Ancient Protector
03:53 Ancient Protector
04:06 Moon Well
observersStereoMart,
Mata.,
SMERB.COM.cOM,
Oet,
1m_h00k3d,
TheOwnerOfYou,
BamBamPewPew,
Upp,
CakenHeiffan Chat log
(00:12 / All) TIMG4STRok: good luck dont suck
(00:18 / All) yourasianlover: take ur own advice
(00:20 / All) yourasianlover: NEWB
(00:25 / All) TIMG4STRok: i never lose sorry
(00:28 / All) TIMG4STRok: 100% record check it
(00:36 / All) yourasianlover: hacks make the game x2020202 easier
(00:46 / All) yourasianlover: maybe u should send me some of ur hacks
(00:54 / All) yourasianlover: im legit
(00:58 / All) yourasianlover: u want lessonssssssssssss?
(00:58 / All) TIMG4STRok: lmao
(01:05 / All) TIMG4STRok: legit 40 apm.....
(01:08 / All) yourasianlover: thats a serious question
(01:12 / All) yourasianlover: average 60+
(01:14 / All) yourasianlover: !!
(01:22 / All) TIMG4STRok: do i want lessons from a girl who is bad at warcraft 3. no, i dont
(01:31 / All) yourasianlover: im better
(01:32 / All) yourasianlover: than u
(01:36 / All) yourasianlover: thats for sure
(01:45 / All) yourasianlover: idkkkkkkkkkkkkkkkkkkkkkkkkkkkkkkkkkkkkkkkkkkkkkkkkk
(01:48 / All) yourasianlover: i just woke up